 Dungeon Crawl Stone Soup version 0.31-a0-188-g5e087ee2ca (webtiles) character file.

Game seed: 6665873015325794100

174 qw the Skirmisher (level 5, 0/29 HPs)
             Began as a Deep Elf Hunter on June 23, 2023.
             Slain by an orc warrior
             ... wielding a +0 halberd
              (11 damage)
             ... on level 4 of the Dungeon.
             The game lasted 00:00:59 (2143 turns).

qw the Skirmisher (Deep Elf Hunter)                 Turns: 2143, Time: 00:01:00

Health: 0/29       AC:  8    Str: 10    XL:     5   Next: 28%
Magic:  7/7        EV: 11    Int: 14    God:
Gold:   125        SH:  0    Dex: 18    Spells: 4/4 levels left

rFire   + . .        Y - +0 shortbow
rCold   . . .        (shield currently unavailable)
rNeg    . . .        i - +0 ring mail
rPois   .            c - +2 helmet
rElec   .            (no cloak)
rCorr   .            (no gloves)
SInv    .            (no boots)
Will    .....        (no amulet)
Stlth   +            f - ring of protection from fire
HPRegen 0.24/turn    (no ring)
MPRegen 0.10/turn

%: no passive effects
@: no status effects
A: no striking features
a: no special abilities


You were on level 4 of the Dungeon.
You visited 1 branch of the dungeon, and saw 4 of its levels.

You collected 125 gold pieces.


   Skills:
 - Level 1.5 Fighting
 + Level 8.8 Ranged Weapons
 - Level 2.4 Dodging
 - Level 1.2 Stealth


You had 4 spell levels left.
You didn't know any spells.
Your spell library was empty.

Inventory:

Hand Weapons
 Y - a +0 shortbow (weapon)
Armour
 c - a +2 helmet (worn)
 i - a +0 ring mail (worn)
Jewellery
 a - a +6 ring of intelligence
 f - a ring of protection from fire (left hand)
Scrolls
 b - a scroll of identify
 g - 2 scrolls of teleportation
Potions
 d - a potion of curing {unknown}
 e - a potion of invisibility {unknown}
 h - a potion of enlightenment {unknown}
 j - a potion of cancellation {unknown}

Dungeon Overview and Level Annotations

Branches:
Dungeon (4/15)
 Temple: D:4-7

Altars:
Makhleb


Message History

Found a buckler.
Found a club.
Found 2 scrolls of butterflies.
Found a stone staircase leading down.
You see here a +1 whip of pain.
You open the door.
There is an open door here.
A hobgoblin comes into view.
A ball python comes into view.
You see here a +6 ring of intelligence.
Enter note: You shoot an arrow.
The arrow hits the hobgoblin.
You kill the hobgoblin!
You shoot an arrow.
The arrow closely misses the ball python.
You shoot an arrow. The arrow hits the ball python!
You kill the ball python!
a - a +6 ring of intelligence A kobold comes into view.
It is wielding a +0 dagger.
Found a stone staircase leading down.
Enter note: You shoot an arrow.
The arrow hits the kobold.
You kill the kobold!
An orc warrior and an orc come into view.
The orc warrior shouts!
Enter note: You shoot an arrow.
The orc shouts!
The arrow hits the orc warrior but does no damage.
You hear a shout!
An orc comes into view. It is wielding a +0 club.
The orc warrior closely misses you.
You shoot an arrow. The arrow hits the orc warrior.
The orc warrior is moderately wounded.
The orc warrior hits you from afar with a +0 halberd!!
Ouch! That really hurt!
You shoot an arrow.
The arrow closely misses the orc warrior.
The arrow hits the orc but does no damage.
The orc warrior hits you from afar with a +0 halberd!
You die...

# ### #o##.#
#oo.$# #@# #.#
##.#####.#
#........#
########..#######
+........>#
########..#
+........)#
########..#


You could see an orc warrior and 2 orcs.

Vanquished Creatures
  Jessica (D:2)
  An iguana (D:4)
  Robin (D:2)
  4 dart slugs
  5 orcs (D:2)
  2 bats
  10 endoplasms
  6 giant cockroaches
  13 goblins
  15 hobgoblins
  7 jackals
  10 kobolds
  3 quokkas
  2 ball pythons
  2 frilled lizards
  5 rats
87 creatures vanquished.

Notes
Turn   | Place    | Note
-------+----------+-------------------------------------------
     0 | D:1      | qw the Deep Elf Hunter began the quest for the Orb.
     0 | D:1      | Reached XP level 1. HP: 12/12 MP: 3/3
     0 | D:1      | 0 ||| qw: Version: 0.3-a-9-g12657ce
     0 | D:1      | 0 ||| qw: Game counter: 4139
     0 | D:1      | 0 ||| qw: Always use a shield: true
     0 | D:1      | 0 ||| qw: God list: Okawaru
     0 | D:1      | 0 ||| qw: Allow faded altars: false
     0 | D:1      | 0 ||| qw: Do Orc after D:15 true
     0 | D:1      | 0 ||| qw: Do second Lair branch before Depths: true
     0 | D:1      | 0 ||| qw: Lair rune preference: random
     0 | D:1      | 0 ||| qw: Plans: Normal
     0 | D:1      | 0 ||| PLANNING D:1-11
   188 | D:1      | Reached XP level 2. HP: 14/16 MP: 4/4
   259 | D:1      | Reached skill level 6 in Ranged Weapons
   486 | D:1      | Reached XP level 3. HP: 20/20 MP: 5/5
   624 | D:1      | 624 ||| UPGRADING to +0 ring mail.
   634 | D:1      | 634 ||| DROPPING +0 leather armour.
   635 | D:1      | 635 ||| READING scroll labelled OPITUN COOXUG.
   638 | D:1      | 638 ||| READING scroll labelled GUMPA OLANULUCS.
   639 | D:1      | 639 ||| READING scroll labelled IVEBE YRUHO.
   740 | D:1      | 740 ||| DROPPING scroll of butterflies.
   820 | D:2      | Reached skill level 7 in Ranged Weapons
   825 | D:2      | Noticed Robin
   833 | D:2      | Killed Robin
   885 | D:2      | Reached XP level 4. HP: 25/25 MP: 6/6
  1027 | D:2      | Noticed Jessica
  1035 | D:2      | Killed Jessica
  1310 | D:2      | 1310 ||| UPGRADING to +2 helmet.
  1315 | D:2      | 1315 ||| READING scroll labelled HOPNE JUIPP.
  1316 | D:2      | 1316 ||| READING 2 scrolls labelled CETUAWKIKH.
  1317 | D:2      | 1317 ||| READING scroll labelled LENEXKEMEJ.
  1320 | D:3      | Found a faded altar of an unknown god.
  1325 | D:3      | 1325 ||| STAIRDANCE
  1331 | D:2      | Reached skill level 8 in Ranged Weapons
  1371 | D:3      | 1371 ||| STAIRDANCE
  1396 | D:3      | 1396 ||| STAIRDANCE
  1442 | D:3      | 1442 ||| STAIRDANCE
  1713 | D:3      | Reached XP level 5. HP: 27/28 MP: 7/7
  1884 | D:3      | Found a burning altar of Makhleb.
  1922 | D:3      | 1922 ||| UPGRADING to ring of protection from fire.
  1923 | D:3      | 1923 ||| READING scroll labelled BIAR QUIRUCE.
  1924 | D:3      | 1924 ||| READING 2 scrolls of identify.
  1924 | D:3      | 1924 ||| IDENTIFYING red potion
  1925 | D:3      | 1925 ||| DROPPING potion of berserk rage.
  2140 | D:4      | Noticed an orc warrior
  2143 | D:4      | Slain by an orc warrior

Levels and vault maps discovered:
D:1:      dpeg_arrival_arbitrary_b, layout_basic
D:2:      layout_loops_ring, chequers_mini_garden, minmay_misc_feat_five,
          uniq_robin, uniq_jessica
D:3:      layout_rooms, lightli_temple_of_fire, nicolae_ecumenical_pavilion,
          minmay_misc_feat_pillars
D:4:      layout_basic, tgw_xom

Skill      XL: |  1  2  3  4 |
---------------+-------------+-----
Ranged Weapons | 6 7 8 |  8.8
Fighting       | |  1.5
Dodging        | |  2.4
Stealth        | |  1.2

Action                     |  1- 3 |  4- 6 || total
---------------------------+-------+-------++-------
   Fire: Shortbow          |   114 |   105 ||   219
    Use: Scroll            |     3 |     5 ||     8
 Armour: Leather armour    |     6 |       ||     6
         Ring mail         |     7 |    40 ||    47
  Dodge: Dodged            |     8 |    53 ||    61

Table legend:
 A = Non-vault XP
 B = Vault XP
 C = Vault XP percentage of total XP
 D = Non-vault monster count
 E = Vault monster count
 F = Vault count percentage of total count
                 A         B        C        D         E       F
            +---------+---------+-------+---------+---------+-------
      Total |     182 |      67 |  26.9 |      77 |      10 |  11.5
            +---------+---------+-------+---------+---------+-------
        D:1 |      45 |       0 |   0.0 |      25 |       0 |   0.0
        D:2 |      58 |      67 |  53.6 |      28 |      10 |  26.3
        D:3 |      32 |       0 |   0.0 |      16 |       0 |   0.0
        D:4 |      47 |       0 |   0.0 |       8 |       0 |   0.0
            +---------+---------+-------+---------+---------+-------
